 Dungeon Crawl Stone Soup version 0.17-a0-1164-g0ba867e (webtiles) character file.

469106 Misa the Slayer (level 24, -7/173 HPs)
             Began as a Gargoyle Berserker on May 17, 2015.
             Was the Champion of Trog.
             Mangled by a white very ugly thing (29 damage)
             ... on level 5 of the Depths on May 28, 2015.
             The game lasted 05:16:21 (67906 turns).

Misa the Slayer (Gargoyle Berserker)               Turns: 67906, Time: 05:16:21

Health: -7/173     AC: 42    Str: 34    XL:     24   Next: 63%
Magic:  0/32       EV: 11    Int: 10    God:    Trog [******]
Gold:   4941       SH:  0    Dex:  4    Spells: 0 memorised, 23 levels left

rFire  + . .     SeeInvis +     N - +14 broad axe of Crawling {chop, Str+3}
rCold  . . .     Clarity  .     T - +4 robe of Night {+Inv MR+ SInv Stlth+}
rNeg   + + +     SustAt   .     (no shield)
rPois  ∞         Gourm    .     P - +2 hat of Vegoilea {*Drain rElec rN+ rCorr}
rElec  +         Spirit   +     V - +0 cloak {MR+}
rCorr  +         Warding  .     B - +1 pair of gloves of Crawling {rF+ rN+ MR+ Dex-5 Slay+3}
rMut   .         Stasis   .     y - +2 pair of boots "Ihumad" {rElec rPois}
MR     +++++                    l - amulet of guardian spirit
Stlth  ++........               K - ring of protection from magic
                                x - +5 ring of protection

@: flying, regenerating, almost entirely resistant to hostile enchantments,
unstealthy
A: big wings, talons 1, negative energy resistance 1, electricity resistance,
unbreathing, petrification resistance, rot immunity, AC +17
a: Stop Flying, Burn Spellbooks, Berserk, Trog's Hand, Brothers in Arms,
Renounce Religion, Evoke Invisibility
}: 2/15 runes: decaying, serpentine


You were on level 5 of the Depths.
You worshipped Trog.
Trog was exalted by your worship.
You were very full.

You visited 9 branches of the dungeon, and saw 49 of its levels.
You visited 1 bazaar.
You also visited: Wizlab.

You collected 6341 gold pieces.
You spent 1400 gold pieces at shops.

Inventory:

Hand weapons
 N - the +14 broad axe of Crawling (weapon) {chop, Str+3}
   (Trog gifted it to you on level 1 of the Snake Pit)

   It inflicts extra damage upon your enemies.
   It affects your strength (+3).
Armour
 a - the +2 hat of the Cast Vote {Int+2}
   (You acquired it on level 1 of the Swamp)

   It affects your intelligence (+2).
 d - the +1 leather armour of Disguise {rF+ Str+2 Int-5 Slay+3}
   (You found it on level 11 of the Dungeon)

   It affects your strength (+2).
   It affects your intelligence (-5).
   It affects your accuracy and damage with ranged weapons and melee attacks
   (+3).
   It protects you from fire.
 q - the +2 pair of fencer's gloves {LBl+4 SBl+4 EV+3 Dex+6}
   (You acquired it on level 6 of the Lair of Beasts)

   It affects your evasion (+3).
   It affects your dexterity (+6).
 y - the +2 pair of boots "Ihumad" (worn) {rElec rPois}
   (You bought it in a shop on level 2 of the Orcish Mines)

   It insulates you from electricity.
   It protects you from poison.
 B - the +1 pair of gloves of Crawling (worn) {rF+ rN+ MR+ Dex-5 Slay+3}
   (You bought it in a shop on level 4 of the Orcish Mines)

   It affects your dexterity (-5).
   It affects your accuracy and damage with ranged weapons and melee attacks
   (+3).
   It protects you from fire.
   It protects you from negative energy.
   It affects your resistance to hostile enchantments.
 F - the +3 leather armour "Beodun" {rF+ MR+ Int+2 Stlth-}
   (You found it on level 1 of the Vaults)

   It affects your intelligence (+2).
   It protects you from fire.
   It affects your resistance to hostile enchantments.
   It makes you less stealthy.
 P - the +2 hat of Vegoilea (worn) {*Drain rElec rN+ rCorr}
   (You found it on level 3 of the Depths)

   It insulates you from electricity.
   It protects you from negative energy.
   It protects you from acid and corrosion.
   It causes draining when unequipped.
 T - the +4 robe of Night (worn) {+Inv MR+ SInv Stlth+}
   (You found it on level 3 of the Elven Halls)

   It affects your resistance to hostile enchantments.
   It lets you see invisible.
   It lets you turn invisible.
   It makes you more stealthy.
 U - a +5 gold dragon armour
 V - a +0 cloak of magic resistance (worn)
 W - the +0 cloak of Sloth {+Blink Int+7}
   (You found it on level 1 of the Vaults)

   It affects your intelligence (+7).
   It lets you blink.
Jewellery
 j - an uncursed ring of teleport control
 l - an amulet of guardian spirit (around neck)
 u - an uncursed ring of protection from fire
 x - a +5 ring of protection (left hand)
 K - a ring of protection from magic (right hand)
 Z - the amulet of Harmony {Stasis rC+ rN+}
   (You took it off a deep elf death mage on level 3 of the Elven Halls)

   [amulet of stasis]

   It prevents you from being teleported, slowed, hasted or paralysed.
   It protects you from cold.
   It protects you from negative energy.
Magical devices
 b - a wand of digging (9)
 z - a wand of teleportation (2)
 H - a wand of heal wounds (5)
 L - a wand of heal wounds (2)
 Q - a wand of teleportation (3)
 R - a wand of invisibility (7)
Scrolls
 f - 12 scrolls of teleportation
 i - 13 scrolls of remove curse
 m - 3 scrolls of blinking
 r - 3 scrolls of silence
 t - 16 scrolls of identify
 v - 3 scrolls of magic mapping
 J - 6 scrolls of recharging
 M - 5 scrolls of fog
 X - 7 scrolls of summoning
 Y - 6 scrolls of noise
Potions
 e - 6 potions of might
 g - 5 potions of agility
 h - 8 potions of heal wounds
 p - 3 potions of resistance
 s - 4 potions of cancellation
 w - 12 potions of curing
 A - 5 potions of haste
 C - 2 potions of cure mutation
 D - 4 potions of magic
 O - 2 potions of brilliance
 S - a potion of mutation
Comestibles
 c - 16 bread rations
 k - 5 chunks of flesh
 n - 31 meat rations
 o - 20 fruits
 G - 14 royal jellies


   Skills:
 + Level 24.2 Fighting
 + Level 20.9 Axes
 + Level 23.8 Armour
 - Level 1.5 Dodging
 - Level 12.0 Evocations


You had 23 spell levels left.
You didn't know any spells.

Dungeon Overview and Level Annotations

Branches:
Dungeon (15/15)            Temple (0/1) D:4            Lair (8/8) D:10
  Swamp (4/4) Lair:4        Snake (4/4) Lair:3        Slime (0/6) Lair:6
    Orc (4/4) D:12            Elf (3/3) Orc:4        Vaults (5/5) D:13
  Crypt (1/3) Vaults:2     Depths (5/5) D:15
    Zot: Depths:5

Altars:
Cheibriados
Fedhas
Kikubaaqudgha
Nemelex Xobeh
Okawaru
Ru
Trog
Xom
Yredelemnul
Zin
The Shining One
Beogh
Jiyva

Shops:
Orc:2 [   Orc:4 !([:   Elf:1 (   Elf:3 %   Snake:2 *   Vaults:2 }

Portals:
Hell: Depths:1 Depths:2 Depths:3 Depths:4
Abyss: Depths:2 Depths:3
Pandemonium: Depths:3 Depths:4
Ziggurat: Depths:1 Depths:4
Trove: Elf:1 (give 4 scrolls of blinking)

Annotations:
D:2 Terence
Elf:2 exclusion: 3 doors
Vaults:4 exclusion: downstairs


Innate Abilities, Weirdness & Mutations

You are resistant to torment.
Your stone body is resilient (AC +17).
You are immune to poison.
Your large and strong wings let you fly indefinitely.
You resist negative energy.
You are resistant to electric shocks.
You can survive without breathing.
You are immune to petrification.
You are immune to rotting.
You have sharp toenails.


Message History

The white very ugly thing trunk-slaps you but does no damage.
You closely miss the white very ugly thing.
You slash the white very ugly thing!
The white very ugly thing is moderately wounded.
You hit the white ugly thing.
The white ugly thing is severely wounded.
The white ugly thing barely misses you.
Unknown command.
You slash the white ugly thing!
The white ugly thing is moderately wounded.
You closely miss the white ugly thing.
The white ugly thing is severely wounded.
You slash the white very ugly thing!
The white very ugly thing is heavily wounded.
You slash the white very ugly thing!
The white very ugly thing is lightly wounded.
The white very ugly thing trunk-slaps you!!
* * * LOW HITPOINT WARNING * * *
The white very ugly thing freezes you!!
You die...

#.# #..# ##..# .. #
##..# ... ### ###..###
#...
..#######..()).###T...
#.........##)).#.uu...
############...[@uT.#
##...uuE## ##...###
#####


You could see 2 very ugly things, 3 ugly things, a deep troll, a deep troll
shaman and an air elemental.

Vanquished Creatures
  Mara (thrice) (Vaults:3)
  Saint Roka (Snake:3)
  2 caustic shrikes
  A golden dragon (Depths:4)
  A player illusion (Vaults:3)
  A tentacled monstrosity (Vaults:2)
  Jorgrun (Elf:3)
  The ghost of Inkie the Eclecticist, a mighty DrWz of Vehumet (Elf:3)
  2 titans (Depths:4)
  4 deep elf blademasters
  3 deep elf master archers (Elf:3)
  A lich (Depths:3)
  A shadow dragon (Depths:2)
  Agnes (D:15)
  2 sphinxes
  Kirke (Snake:3)
  6 greater nagas (Snake:4)
  8 fire giants
  2 tengu reavers
  Maud (Orc:3)
  7 deep elf sorcerers
  12 frost giants
  2 iron dragons (Depths:4)
  11 entropy weavers
  3 orc warlords
  A reaper (Depths:5)
  13 ironheart preservers
  A balrug (Depths:4)
  2 spriggan defenders (Depths:4)
  5 vault wardens
  7 very ugly things
  14 rakshasas
  10 deep elf demonologists
  22 stone giants
  A dire elephant (Lair:8)
  3 vampire knights
  9 deep elf annihilators (Elf:3)
  8 ettins
  11 deep elf death magi
  5 fire dragons
  8 vault guards
  8 great orbs of eyes
  A great orb of eyes (shapeshifter) (Depths:4)
  15 yaktaur captains
  10 deep elf high priests
  2 jiangshi (Depths:1)
  9 ice dragons
  18 naga warriors
  2 catoblepae
  12 hydras
  12 centaur warriors
  14 ogre magi
  8 alligators
  Erica (Lair:1)
  5 spriggan air magi
  13 death yaks
  6 anacondas
  2 ghost crabs
  A satyr (shapeshifter) (Depths:1)
  3 dancing weapons (Elf:2)
  9 deep troll shamans
  3 salamander stormcallers
  A vampire mage (Depths:1)
  12 naga sharpshooters
  4 spriggan berserkers
  19 deep elf knights
  3 shock serpents
  The ghost of aves the Severer, a powerful VSFi of Qazlal (D:11)
  13 deep troll earth magi
  7 hell knights
  A sun demon (Elf:3)
  An ice devil (Depths:3)
  A shadow wraith (Vaults:3)
  3 iron trolls
  3 skeletal warriors (D:15)
  A soul eater (Elf:3)
  A gelid demonspawn (Depths:3)
  11 naga ritualists
  9 hill giants
  4 deep elf summoners
  4 spriggan druids
  24 orc knights
  5 salamander mystics
  A shadow demon (Depths:3)
  5 flayed ghosts
  9 mana vipers
  11 swamp dragons
  15 ironbrand convokers
  3 giant orange brains
  4 tengu zombies
  A swamp dragon (shapeshifter) (Vaults:4)
  2 anubis guards (shapeshifter) (Depths:1)
  4 shambling mangroves
  34 deep trolls
  5 unseen horrors
  A lindwurm (Lair:3)
  An orb spider (shapeshifter) (Depths:2)
  3 hornets
  11 deep elf conjurers
  2 manticores (D:15)
  10 orc sorcerers
  A wolf spider (shapeshifter) (Vaults:3)
  A human zombie (Vaults:4)
  9 necromancers
  An oklob plant (Lair:8)
  23 salamanders
  2 sixfirhies (Depths:3)
  4 wolf spiders
  6 cyclopes
  10 griffons
  44 ugly things
  25 naga magi
  3 wizards
  The ghost of GhostSonOfGhost the Destroyer, an experienced HEIE of Ashenzari (D:5)
  15 vault sentinels
  4 guardian serpents
  A manticore (shapeshifter) (Depths:2)
  A rust devil (Elf:3)
  A moth of wrath (shapeshifter) (D:15)
  4 gargoyles
  A frost giant skeleton (Vaults:4)
  A torpor snail (Lair:3)
  42 black mambas
  16 spiny frogs
  23 elephants
  2 smoke demons (Elf:1)
  7 centaur skeletons
  A torpor snail (shapeshifter) (Elf:2)
  A spectral swamp worm (Swamp:2)
  A komodo dragon (shapeshifter) (D:15)
  3 kobold demonologists (Vaults:3)
  2 fire drakes
  12 deep elf priests
  2 human skeletons
  6 komodo dragons
  13 trolls
  A tormentor (Elf:3)
  2 yaktaur skeletons (Vaults:3)
  2 jumping spiders
  A hellwing (Depths:4)
  A tengu conjurer (Depths:1)
  22 yaktaurs
  5 freezing wraiths
  A red devil (Depths:4)
  2 blue devils (Vaults:3)
  25 two-headed ogres
  11 giant leeches
  50 slime creatures
  A tengu simulacrum (Vaults:1)
  3 polar bears
  11 ravens
  A trapdoor spider zombie (D:12)
  4 boulder beetles
  3 fire vortices (Vaults:2)
  A raiju (shapeshifter) (Depths:2)
  3 blink frogs (Lair:5)
  8 bog bodies
  7 wyverns
  10 redbacks
  12 spriggans
  Sigmund (D:2)
  5 tarantellas
  4 water elementals
  3 air elementals
  A wraith (Vaults:1)
  A tarantella (shapeshifter) (Depths:4)
  2 shadows
  A trapdoor spider (D:12)
  A vampire (D:14)
  3 basilisks
  3 fire bats (Depths:1)
  52 yaks
  Eustachio (D:6)
  A hog (shapeshifter) (Vaults:1)
  8 humans (Lair:2)
  18 deep elf magi
  3 hogs (Snake:3)
  40 vampire mosquitoes
  9 wolves (Lair:8)
  23 swamp worms
  9 hippogriffs
  3 hungry ghosts
  2 chaos spawn (Depths:2)
  Edmund (D:4)
  36 deep elf fighters
  12 wargs
  2 mottled dragons
  39 nagas
  22 water moccasins
  Duvessa (D:5)
  4 sky beasts
  12 hell hounds (Depths:1)
  22 swamp drakes
  52 orc warriors
  An ettin simulacrum (Vaults:2)
  An ice beast (shapeshifter) (Depths:1)
  5 large abominations
  A fire dragon simulacrum (Depths:1)
  7 phantoms
  A spider (shapeshifter) (Vaults:2)
  10 wasps
  A black bear (Lair:8)
  7 porcupines
  5 ice beasts
  A black bear (shapeshifter) (Vaults:4)
  An eye of draining (D:13)
  8 boggarts
  An eye of draining (shapeshifter) (Depths:1)
  55 ogres
  A lost soul (Elf:3)
  5 big kobolds
  11 crocodiles
  13 centaurs
  A gnoll sergeant (D:7)
  A glowing shapeshifter simulacrum (Vaults:3)
  A big kobold (shapeshifter) (Depths:4)
  19 giant frogs
  14 small abominations
  A wyvern skeleton (D:6)
  5 scorpions
  10 wights
  Dowan (D:5)
  8 killer bees
  The ghost of HeyJoe the Slasher, a weakling DDFi (D:3)
  An electric eel (Lair:7)
  A human simulacrum (Vaults:2)
  7 crimson imps
  A lava snake (D:11)
  2 quasits
  3 centaur zombies
  7 hounds
  A yaktaur simulacrum (Vaults:1)
  3 giant frog zombies
  4 giant frog skeletons
  7 jellies
  Ijyb (Lair:2)
  35 orc priests
  10 worker ants
  9 iguanas
  Natasha (D:2)
  42 orc wizards
  A hell rat (Elf:3)
  23 sheep
  3 hound skeletons
  4 hound zombies
  2 worker ant zombies
  8 gnolls
  Robin (D:2)
  14 adders
  52 river rats
  A river rat (shapeshifter) (Depths:2)
  2 shadow imps (D:9)
  6 oozes
  4 worms
  3 giant geckos
  252 orcs
  11 bats
  5 giant cockroaches
  42 goblins
  25 hobgoblins
  10 jackals
  34 kobolds
  5 ball pythons
  4 giant newts
  5 quokkas
  A quokka zombie (D:6)
  18 rats
  3 bushes (Lair:8)
  3 fungi
  4 plants
2353 creatures vanquished.

Vanquished Creatures (collateral kills)
  A storm dragon (Depths:4)
  A greater naga (Snake:4)
  A vault warden (Vaults:4)
  11 hydras
  3 dancing weapons (Elf:2)
  A tengu warrior (D:14)
  A spriggan druid (Swamp:4)
  A shambling mangrove (Swamp:2)
  2 ugly things (Swamp:4)
  A naga mage (Snake:4)
  A spiny frog (Swamp:2)
  A tengu conjurer (D:14)
  3 large abominations (D:10)
  A troll (Swamp:4)
  A giant leech (Swamp:4)
  5 ravens
  A hippogriff (Lair:4)
  3 wolves (Lair:6)
  A deep elf fighter (Elf:2)
  A naga (Snake:4)
  A swamp drake (Swamp:4)
  2 water moccasins
  A swamp worm (Swamp:4)
  A porcupine (Lair:6)
  A small abomination (D:10)
  A gnoll (D:7)
  4 river rats
52 creatures vanquished.

Vanquished Creatures (others)
  A lich (Depths:1)
  A thorn hunter (Swamp:2)
  An ironheart preserver (Vaults:3)
  A stone giant (Depths:2)
  2 deep elf high priests
  A ball lightning (Elf:3)
  2 deep trolls
  2 hill giants
  A slime creature (Depths:3)
  A troll (Lair:4)
  2 two-headed ogres
  A raven (Swamp:2)
  A deep elf mage (Elf:1)
  A neqoxec (Vaults:3)
  An ogre (Lair:4)
  A boggart (Depths:1)
  3 lost souls (Elf:3)
  An orc (Orc:4)
  A bush (Lair:8)
  6 fungi (Lair:8)
  9 plants
  4 starspawn tentacles (WizLab)
44 creatures vanquished.

Grand Total: 2449 creatures vanquished

Notes
Turn   | Place    | Note
--------------------------------------------------------------
     0 | D:1      | Misa the Gargoyle Berserker began the quest for the Orb.
     0 | D:1      | Reached XP level 1. HP: 14/14 MP: 1/1
     0 | D:1      | Upgraded the game from 0.17-a0-1020-ge683cc4 to 0.17-a0-1150-g17b0b87
   307 | D:1      | Reached XP level 2. HP: 17/19 MP: 2/2
   523 | D:2      | Noticed Sigmund
   539 | D:2      | Killed Sigmund
   539 | D:2      | Reached skill level 4 in Fighting
   539 | D:2      | Reached XP level 3. HP: 25/25 MP: 3/3
   539 | D:2      | Reached XP level 4. HP: 30/30 MP: 4/4
   539 | D:2      | Reached XP level 5. HP: 34/34 MP: 5/5
   564 | D:2      | Noticed Robin
   745 | D:2      | Acquired Trog's second power
   971 | D:2      | Noticed Terence
   974 | D:2      | Found a shimmering altar of Xom.
   993 | D:2      | Found a blossoming altar of Fedhas.
  1004 | D:2      | Found a snail-covered altar of Cheibriados.
  1032 | D:2      | Reached skill level 5 in Fighting
  1044 | D:2      | Killed Robin
  1044 | D:2      | Reached XP level 6. HP: 36/40 MP: 6/6
  1137 | D:2      | Noticed Natasha
  1160 | D:2      | Killed Natasha
  1666 | D:3      | Noticed HeyJoe's ghost (weakling DDFi)
  1741 | D:3      | Killed HeyJoe's ghost
  2290 | D:3      | HP: 1/60 [orc/wand of cold (9)]
  2845 | D:4      | Reached XP level 7. HP: 45/45 MP: 7/7
  2872 | D:4      | Reached skill level 5 in Armour
  3038 | D:4      | Found a staircase to the Ecumenical Temple.
  3083 | D:4      | Reached skill level 6 in Fighting
  3263 | D:4      | Reached skill level 5 in Axes
  3403 | D:4      | Noticed Edmund
  3433 | D:4      | Killed Edmund
  3433 | D:4      | Reached XP level 8. HP: 42/52 MP: 8/8
  4274 | D:5      | Entered Level 5 of the Dungeon
  4480 | D:5      | Noticed GhostSonOfGhost's ghost (experienced HEIE)
  4492 | D:5      | Killed GhostSonOfGhost's ghost
  4492 | D:5      | Reached skill level 7 in Fighting
  4536 | D:5      | Got a crystal war axe
  4537 | D:5      | Identified the +9 war axe of Satyriasis {chop, Str+4} (You found it on level 5 of the Dungeon)
  4954 | D:5      | Noticed Duvessa
  4955 | D:5      | Noticed Dowan
  4976 | D:5      | Killed Dowan
  4980 | D:5      | Killed Duvessa
  5270 | D:6      | Reached XP level 9. HP: 48/59 MP: 9/9
  5386 | D:6      | Noticed Eustachio
  5408 | D:6      | Reached skill level 8 in Fighting
  5410 | D:6      | Killed Eustachio
  5410 | D:6      | Acquired Trog's third power
  6331 | D:7      | Reached skill level 9 in Fighting
  6490 | D:7      | Reached XP level 10. HP: 47/66 MP: 10/10
  6526 | D:7      | Received a gift from Trog
  6857 | D:7      | Reached skill level 10 in Fighting
  7456 | D:8      | Found a sacrificial altar of Ru.
  7464 | D:8      | Found a glowing golden altar of the Shining One.
  7465 | D:8      | Found an ancient bone altar of Kikubaaqudgha.
  7523 | D:8      | Reached skill level 10 in Armour
  7739 | D:8      | Found a bloodstained altar of Trog.
  8044 | D:10     | Entered Level 10 of the Dungeon
  8349 | D:9      | Reached XP level 11. HP: 73/73 MP: 11/11
  8537 | D:9      | Reached skill level 11 in Fighting
  8710 | D:10     | Noticed a hill giant
  8714 | D:10     | Killed a hill giant
  9092 | D:10     | Noticed a hill giant
  9104 | D:10     | Killed a hill giant
  9213 | D:10     | Killed an unseen horror
  9213 | D:10     | Reached skill level 10 in Axes
  9404 | D:10     | Noticed a wizard
  9412 | D:10     | Killed a wizard
  9621 | D:10     | Noticed a large abomination
  9621 | D:10     | Noticed a large abomination
  9653 | D:10     | Reached skill level 12 in Fighting
  9657 | D:10     | Killed a large abomination
 10125 | D:10     | Noticed a hill giant
 10132 | D:10     | Killed a hill giant
 10219 | D:10     | Found a staircase to the Lair.
 10235 | Lair:1   | Entered Level 1 of the Lair of Beasts
 10238 | Lair:1   | Received a gift from Trog
 10301 | Lair:1   | Noticed a four-headed hydra
 10307 | Lair:1   | Killed a four-headed hydra
 10307 | Lair:1   | Reached XP level 12. HP: 81/81 MP: 12/12
 10326 | Lair:1   | Noticed Erica
 10331 | Lair:1   | Killed Erica
 11318 | Lair:2   | Noticed Ijyb
 11341 | Lair:2   | Killed Ijyb
 11562 | Lair:2   | Noticed an eight-headed hydra
 11567 | Lair:2   | Killed an eight-headed hydra
 11825 | Lair:3   | Reached skill level 13 in Fighting
 12255 | Lair:3   | Found a staircase to the Snake Pit.
 12444 | Lair:3   | Reached XP level 13. HP: 72/88 MP: 11/13
 12789 | Lair:3   | Found a runed door.
 12795 | Lair:3   | Noticed an eight-headed hydra
 12805 | Lair:3   | Killed an eight-headed hydra
 13932 | D:10     | Killed a large abomination
 14069 | D:11     | Found a snail-covered altar of Cheibriados.
 14103 | D:11     | Reached skill level 14 in Fighting
 14336 | D:11     | Got a spiked leather armour
 14602 | D:10     | Identified the +1 leather armour of Disguise {rF+ Str+2 Int-5 Slay+3} (You found it on level 11 of the Dungeon)
 14745 | D:11     | Noticed aves's ghost (powerful VSFi)
 14755 | D:11     | Killed aves's ghost
 15154 | D:12     | Found a glowing golden altar of the Shining One.
 15184 | D:12     | Found a staircase to the Orcish Mines.
 16351 | D:13     | Found a gate to the Vaults.
 16351 | D:13     | Noticed a vault guard
 16358 | D:13     | Killed a vault guard
 16790 | D:14     | Gained mutation: Your large and strong wings let you fly indefinitely. [Gargoyle growth]
 16790 | D:14     | Reached XP level 14. HP: 52/96 MP: 7/14
 17331 | D:14     | Reached skill level 15 in Fighting
 17727 | D:14     | Found a sparkling altar of Nemelex Xobeh.
 17766 | D:15     | Entered Level 15 of the Dungeon
 18305 | D:15     | Noticed Agnes
 18318 | D:15     | Killed Agnes
 18408 | D:15     | Reached skill level 15 in Armour
 18952 | Lair:4   | Received a gift from Trog
 19277 | Lair:4   | Found a staircase to the Swamp.
 20815 | Lair:6   | Found a staircase to the Slime Pits.
 20817 | Lair:6   | Found a viscous altar of Jiyva.
 20886 | Lair:6   | Identified a scroll of acquirement
 21526 | Lair:8   | Entered Level 8 of the Lair of Beasts
 21736 | Lair:7   | Reached skill level 16 in Fighting
 22072 | Lair:7   | You are sucked into a shaft!
 22085 | Lair:8   | Reached XP level 15. HP: 104/104 MP: 15/15
 22108 | Lair:8   | Received a gift from Trog
 22828 | Lair:8   | Received a gift from Trog
 23924 | Orc:1    | Entered Level 1 of the Orcish Mines
 23927 | Orc:2    | Found Sovyroe's Antique Armour Shoppe.
 23974 | Orc:2    | Bought a pair of dazzling boots for 294 gold pieces
 23994 | D:12     | Identified the +2 pair of boots "Ihumad" {rElec rPois} (You bought it in a shop on level 2 of the Orcish Mines)
 24194 | Orc:1    | Reached skill level 17 in Fighting
 24322 | Orc:1    | Received a gift from Trog
 24703 | Orc:2    | Received a gift from Trog
 24923 | Orc:4    | Entered Level 4 of the Orcish Mines
 25046 | Orc:3    | Noticed Maud
 25059 | Orc:3    | Killed Maud
 25271 | Orc:2    | Received a gift from Trog
 26033 | Orc:2    | Bought a smelly leather armour for 217 gold pieces
 26033 | Orc:2    | Identified the +3 leather armour of Canoa {Int+4 Stlth+} (You bought it in a shop on level 2 of the Orcish Mines)
 26113 | Orc:4    | Received a gift from Trog
 26117 | Orc:4    | Got a fine war axe {god gift}
 26118 | Orc:4    | Identified the +8 war axe of Trog's Brutal Revenge {elec, rC- rN++} (Trog gifted it to you on level 4 of the Orcish Mines)
 26123 | Orc:4    | Found a roughly hewn altar of Beogh.
 26140 | Orc:4    | Found Jyelaad's Distillery.
 26145 | Orc:4    | Bought a potion of mutation for 45 gold pieces
 26145 | Orc:4    | Bought a potion of heal wounds for 90 gold pieces
 26145 | Orc:4    | Bought a potion of haste for 180 gold pieces
 26145 | Orc:4    | Bought a potion of resistance for 180 gold pieces
 26145 | Orc:4    | Bought a potion of curing for 54 gold pieces
 26285 | Orc:4    | Found a roughly hewn altar of Beogh.
 26691 | Orc:4    | Found Woupez's Antique Weapon Shoppe.
 26692 | Orc:4    | Found a roughly hewn altar of Beogh.
 26695 | Orc:4    | Found Leecomij's Antique Armour Emporium.
 26700 | Orc:4    | Bought a pair of transparent gloves for 266 gold pieces
 26707 | Orc:4    | Identified the +1 pair of gloves of Crawling {rF+ rN+ MR+ Dex-5 Slay+3} (You bought it in a shop on level 4 of the Orcish Mines)
 26746 | Orc:4    | Received a gift from Trog
 26752 | Orc:4    | Found a staircase to the Elven Halls.
 26788 | Orc:4    | Found a roughly hewn altar of Beogh.
 26789 | Orc:4    | Found Wumey's Book Shop.
 26852 | Orc:4    | Reached XP level 16. HP: 74/112 MP: 10/16
 27104 | Orc:4    | Found a roughly hewn altar of Beogh.
 27335 | Elf:1    | Entered Level 1 of the Elven Halls
 27430 | Elf:1    | Found Honegub's Weapon Boutique.
 27452 | Elf:1    | Found a magical portal.
 27507 | WizLab   | Entered Lehudib's Moon Base
 27516 | WizLab   | Noticed a tentacled starspawn
 27810 | Elf:1    | Received a gift from Trog
 27982 | Elf:1    | Reached skill level 15 in Axes
 28743 | Elf:1    | Found a portal to a secret trove of treasure.
 29614 | Elf:2    | Found a runed gate.
 29614 | Elf:2    | Found a runed gate.
 29622 | Elf:2    | Found a runed gate.
 29668 | Elf:2    | Reached skill level 18 in Fighting
 29958 | Elf:3    | Entered Level 3 of the Elven Halls
 29971 | Elf:3    | Received a gift from Trog
 30028 | Elf:3    | Noticed Jorgrun
 30050 | Elf:3    | Killed Jorgrun
 30289 | Elf:3    | Found Yxixt's Food Shop.
 31014 | Elf:3    | Reached XP level 17. HP: 120/120 MP: 17/17
 31108 | Elf:3    | Noticed a deep elf master archer
 31202 | Elf:3    | Killed a deep elf master archer
 31893 | Elf:3    | Received a gift from Trog
 32521 | Elf:3    | Noticed a deep elf master archer
 32527 | Elf:3    | Killed a deep elf master archer
 32872 | Elf:3    | Noticed Inkie's ghost (mighty DrWz)
 32944 | Elf:3    | Killed Inkie's ghost
 33157 | Elf:3    | Reached skill level 19 in Fighting
 33773 | Elf:3    | Noticed a deep elf master archer
 33797 | Elf:3    | Killed a deep elf master archer
 33797 | Elf:3    | Received a gift from Trog
 33934 | Elf:3    | Got an ancient copper amulet
 34037 | Elf:3    | Noticed a deep elf blademaster
 34048 | Elf:3    | Killed a deep elf blademaster
 34277 | Elf:3    | Identified the amulet of Harmony {Stasis rC+ rN+} (You took it off a deep elf death mage on level 3 of the Elven Halls)
 34306 | Elf:3    | Noticed a deep elf blademaster
 34312 | Elf:3    | Killed a deep elf blademaster
 34312 | Elf:3    | Reached XP level 18. HP: 102/128 MP: 14/18
 34399 | Elf:3    | Noticed a deep elf blademaster
 34412 | Elf:3    | Killed a deep elf blademaster
 34459 | Elf:3    | Got a faintly humming hat
 34470 | Elf:3    | Identified the +0 hat of the Trout {rElec Str-5 Dex+2} (You acquired it on level 3 of the Elven Halls)
 35128 | D:15     | Found a staircase to the Depths.
 35745 | Depths:1 | Entered Level 1 of the Depths
 35767 | Depths:1 | Received a gift from Trog
 36044 | Depths:1 | Found a gateway to a ziggurat.
 36124 | Depths:1 | Found a gateway to Hell.
 37366 | Snake:1  | Entered Level 1 of the Snake Pit
 37393 | Snake:1  | Received a gift from Trog
 37396 | Snake:1  | Got a translucent broad axe {god gift}
 37397 | Snake:1  | Identified the +14 broad axe of Crawling {chop, Str+3} (Trog gifted it to you on level 1 of the Snake Pit)
 38218 | Snake:1  | Reached skill level 1 in Evocations
 38567 | Snake:1  | Reached skill level 20 in Fighting
 38823 | Snake:2  | Received a gift from Trog
 39172 | Snake:2  | Found Noeh's Needful Niceties.
 39178 | Snake:2  | Bought a scroll of noise for 18 gold pieces
 39553 | Snake:4  | Entered Level 4 of the Snake Pit
 39607 | Snake:4  | Reached XP level 19. HP: 135/135 MP: 21/21
 39696 | Snake:4  | Found a flickering gateway to a bazaar.
 39706 | Bazaar   | Entered a bazaar
 39717 | Bazaar   | Found Duchoudeog's Weapon Emporium.
 39721 | Bazaar   | Found Benisid's Book Shop.
 39745 | Bazaar   | Found Qaklat's Weapon Shop.
 39756 | Bazaar   | Found Nexad's Food Shop.
 39762 | Bazaar   | Bought a royal jelly for 16 gold pieces
 39762 | Bazaar   | Bought a meat ration for 40 gold pieces
 39932 | Snake:4  | Received a gift from Trog
 39956 | Snake:3  | Noticed Kirke
 39966 | Snake:3  | Killed Kirke
 40541 | Snake:3  | Noticed Saint Roka
 40564 | Snake:3  | Killed Saint Roka
 41433 | Snake:4  | Received a gift from Trog
 41443 | Snake:4  | Reached skill level 5 in Evocations
 42351 | Snake:4  | Received a gift from Trog
 42751 | Snake:4  | Got a serpentine rune of Zot
 43551 | Swamp:1  | Entered Level 1 of the Swamp
 43796 | Swamp:1  | Reached XP level 20. HP: 135/142 MP: 22/24
 44096 | Swamp:1  | Got a distressingly furry hat
 44107 | Swamp:1  | Identified the +2 hat of the Cast Vote {Int+2} (You acquired it on level 1 of the Swamp)
 44571 | Swamp:2  | Received a gift from Trog
 44873 | Swamp:2  | Reached skill level 21 in Fighting
 45500 | Swamp:3  | Received a gift from Trog
 45503 | Swamp:3  | Got an encrusted battleaxe {god gift}
 45504 | Swamp:3  | Identified the +9 battleaxe of Uniawn {chop, *Contam rElec rPois Dex+2} (Trog gifted it to you on level 3 of the Swamp)
 46424 | Swamp:4  | Entered Level 4 of the Swamp
 47456 | Swamp:4  | Got a decaying rune of Zot
 47919 | Swamp:4  | Received a gift from Trog
 48519 | Vaults:1 | Entered Level 1 of the Vaults
 48660 | Vaults:1 | Got a dazzling leather armour
 48661 | Vaults:1 | Identified the +3 leather armour "Beodun" {rF+ MR+ Int+2 Stlth-} (You found it on level 1 of the Vaults)
 48793 | Vaults:1 | Got a jewelled leather armour
 48794 | Vaults:1 | Identified the +2 leather armour "Yckom" {+Fly rPois Dex-5} (You found it on level 1 of the Vaults)
 49543 | Vaults:1 | Got a transparent cloak
 49554 | Vaults:1 | Identified the +0 cloak of Sloth {+Blink Int+7} (You found it on level 1 of the Vaults)
 50359 | Vaults:1 | Reached XP level 21. HP: 149/149 MP: 27/27
 50870 | Vaults:2 | Received a gift from Trog
 51720 | Vaults:2 | Found Cedubraibbi's Gadget Emporium.
 51800 | Vaults:2 | Found a staircase to the Crypt.
 51800 | Vaults:2 | Found an ancient bone altar of Kikubaaqudgha.
 51801 | Vaults:2 | Found a basalt altar of Yredelemnul.
 51816 | Crypt:1  | Entered Level 1 of the Crypt
 52527 | Vaults:2 | Received a gift from Trog
 53136 | Vaults:3 | Noticed Mara
 53155 | Vaults:3 | Killed Mara
 53156 | Vaults:3 | Noticed Misa's illusion
 53170 | Vaults:3 | Killed Misa's illusion
 53176 | Vaults:3 | Killed Mara
 53955 | Vaults:3 | Reached skill level 22 in Fighting
 53996 | Vaults:3 | Received a gift from Trog
 54003 | Vaults:3 | Reached skill level 10 in Evocations
 54416 | Vaults:3 | Noticed Misa's illusion
 54426 | Vaults:3 | Killed Mara
 54437 | Vaults:3 | Received a gift from Trog
 54713 | Vaults:3 | Found a glowing silver altar of Zin.
 54915 | Vaults:3 | Reached XP level 22. HP: 144/156 MP: 29/29
 55617 | Vaults:5 | Entered Level 5 of the Vaults
 55833 | Vaults:4 | Identified Sif Muna's Papyrus of Intoxication
 55960 | Vaults:4 | Received a gift from Trog
 56194 | Vaults:4 | Upgraded the game from 0.17-a0-1150-g17b0b87 to 0.17-a0-1164-g0ba867e
 57093 | Vaults:4 | Received a gift from Trog
 57397 | Lair:1   | Gained mutation: You have sharp toenails. [potion of beneficial mutation]
 57659 | Depths:1 | Found a sparkling altar of Nemelex Xobeh.
 58186 | Depths:1 | Received a gift from Trog
 59269 | Depths:1 | Noticed a caustic shrike
 59287 | Depths:1 | Killed a caustic shrike
 59904 | Depths:1 | Noticed a lich
 59919 | Depths:1 | Killed a lich
 60186 | Depths:1 | Reached XP level 23. HP: 72/164 MP: 16/31
 60493 | Depths:1 | Received a gift from Trog
 60798 | Depths:1 | Reached skill level 23 in Fighting
 61282 | Depths:2 | Found a one-way gate to the infinite horrors of the Abyss.
 61421 | Depths:2 | Received a gift from Trog
 64886 | Depths:3 | Found an iron altar of Okawaru.
 64916 | Depths:3 | Got a bloodstained hat
 64927 | Depths:3 | Identified the +2 hat of Vegoilea {*Drain rElec rN+ rCorr} (You found it on level 3 of the Depths)
 65040 | Depths:3 | Received a gift from Trog
 65109 | Depths:3 | Reached XP level 24. HP: 123/172 MP: 25/32
 65611 | Depths:3 | Found a one-way gate leading to the halls of Pandemonium.
 65990 | Depths:4 | Found a gateway to a ziggurat.
 66479 | Depths:4 | Reached skill level 24 in Fighting
 66513 | Depths:4 | Received a gift from Trog
 67425 | Depths:5 | Entered Level 5 of the Depths
 67906 | Depths:5 | Mangled by a white very ugly thing

Vault maps used:
D:1:      dpeg_arrival_arbitrary_b, minivault_27
D:2:      minmay_overflow_temple_star_quad, bh_walls_and_bars, uniq_sigmund,
          uniq_robin, uniq_terence, uniq_natasha
D:3:      first_bread
D:4:      temple_green, uniq_edmund
D:5:      uniq_duvessa
D:6:      item_on_display_a, uniq_eustachio
D:7:      corexii_shantytown
D:8:      minitemple, kennysheep_mini
D:9:      hangedman_little_slice_of_home
D:10:     minmay_lair_entry_lava, laboratory
D:11:     basic_altar, serial_bayou_crossing
D:12:     orc_0_dummy, basic_altar
D:13:     david_vaults_5
D:14:     lemuel_tele_altar, moated_statue
D:15:     grunt_enter_depths_snipers, uniq_agnes
Lair:1:   lemuel_fruit_tree, serial_bayou_shore_a, uniq_erica
Lair:2:   erik_1
Lair:3:   minmay_snake_entry_six_corridors, st_stairs_3, minmay_holes,
          pf_torpor_hydra, lemuel_fruit_fields
Lair:4:   minmay_swamp_entry_worms, nicolae_volcano_entry_hallway
Lair:5:   grunt_forest_stairs_basic, serial_bayou_shore_b
Lair:6:   slime_altar_1
Lair:7:   grunt_megastairs_3, infiniplex_staircase_pool
Lair:8:   grunt_lair_end_beastmaster, minmay_lair_oklob_bushes,
          grunt_megastairs_2
Swamp:1:  evilmike_swamp_ruin_house_2, swamp_pool5
Swamp:2:  hangedman_swamp_ruin_hall
Swamp:3:  evilmike_swamp_ruin_house_5
Swamp:4:  swamp, swamp_pool5
Snake:1:  grunt_megastairs_1
Snake:2:  nicolae_alphabet_shops
Snake:3:  uniq_kirke, uniq_saint_roka
Snake:4:  snake_pit, serial_shops, bzr_entry_customers, spider_trap
Orc:1:    mines4_lemuel
Orc:2:    serial_shops, shop_fountains
Orc:3:    nicolae_orc_pool_cavern, nicolae_orc_tapped_out, uniq_maud
Orc:4:    grunt_orc_community_town_hall, grunt_orc_community_big_house_2,
          grunt_orc_community_big_house_1, grunt_orc_community_house_1,
          grunt_orc_community_house_1, grunt_orc_community_house_1,
          grunt_orc_community_house_1
Elf:1:    serial_shops, shop, enter_trove_5, mu_enter_wizlab_3, orc_legates,
          feat_on_display
Elf:2:    uniq_aizul
Elf:3:    nooodl_elf_gasket, serial_shops, shop, spider_trap, uniq_jorgrun
Vaults:1: nicolae_vaults_what_the_h, v_pattern_3, ontoclasm_vaults_hangar,
          v_misc_2, vaults_dpeg_ring
Vaults:2: v_misc_22, vaults_standard_mumra_x, v_misc_30,
          hangedman_vaults_cutoff, nicolae_vaults_circle_grid_a, v_misc_33,
          vaults_mumra_hex, v_pattern_1, ontoclasm_vaults_hangar,
          minmay_crypt_entry_necro_gods, st_spiral_rooms, vaults_room_door_ring,
          serial_shops, shop
Vaults:3: hangedman_vaults_unwind, nicolae_vaults_arrows, v_misc_17,
          hangedman_vaults_maws, v_misc_12, vaults_mumra_bighexcomb,
          hangedman_vaults_impose, vaults_room_door_ring, vaults_dpeg_diagonal,
          basic_altar, uniq_mara
Vaults:4: v_misc_33, v_pattern_2, nicolae_vaults_little_squares_5,
          nicolae_vaults_alarming, v_misc_11, grunt_vaults_swirl,
          hangedman_vaults_capsules, nicolae_vaults_shelves_hall,
          grunt_vaults_diagonal, nicolae_vaults_asterisk,
          nicolae_vaults_little_squares_5
Vaults:5: serial_shops, uniq_wiglaf
Crypt:1:  hex_medium
Depths:1: cell_vault, enter_ziggurat_c, grunt_hell_horde,
          nemelex_xobeh_ov_fountains_minmay, kennysheep_generic_room_9,
          infiniplex_staircase_pool_lava, serial_bayou_shore_b
Depths:2: minmay_stepped, hell_entry, minmay_room_of_horrors, dk_noncrumbling_4,
          infiniplex_staircase_spiral
Depths:3: evilmike_iron_armoury, minmay_misc_feat_x, pf_hell_entry_tar_spiral,
          rand_demon_pan_entry_7, abyss_entry_crystal, abandoned_shop,
          kennysheep_nondecorative_pillar, minmay_staircase_statues
Depths:4: kennysheep_large_spiral, enter_ziggurat_f, hellmouth_1, pan_entry,
          nicolae_ashenzari_panopticon, abyss_entry_small_statue_room,
          nicolae_alphabet_shops
Depths:5: grunt_zot_entry_gee_three, pan_entry, hangedman_abyss_or_decor_stabs,
          hell_entry
Bazaar:   bazaar_kb_twisted_cavern
WizLab:   wizlab_lehudib

Action                   |  1- 3 |  4- 6 |  7- 9 | 10-12 | 13-15 | 16-18 | 19-21 | 22-24 || total
-------------------------+-------+-------+-------+-------+-------+-------+-------+-------++-------
Melee: Hand axe          |    49 |   291 |   307 |       |       |       |       |       ||   647
       War axe           |       |       |   195 |   503 |  1262 |   876 |       |       ||  2836
       Broad axe         |       |       |       |       |       |   179 |  1460 |  1233 ||  2872
Invok: Berserk           |     1 |     4 |     1 |     2 |     2 |     1 |       |       ||    11
       Trog's Hand       |       |       |     2 |     1 |     3 |     7 |     7 |     4 ||    24
       Brothers in Arms  |       |       |       |     3 |    11 |     2 |     8 |     3 ||    27
       Burn Spellbooks   |       |       |       |       |     1 |     6 |     3 |     4 ||    14
 Abil: Fly               |       |       |       |       |     1 |       |     3 |       ||     4
Evoke: Wand              |       |       |       |       |       |     2 |     2 |     3 ||     7
  Use: Scroll            |       |       |       |    14 |    17 |    10 |     8 |    17 ||    66
       Potion            |       |       |       |     7 |       |     1 |     2 |     1 ||    11
 Stab: Sleeping          |       |       |       |       |     1 |     3 |     7 |     2 ||    13
       Distracted        |       |       |       |       |     1 |     1 |     2 |       ||     4
  Eat: Chunk             |       |    10 |    14 |    20 |    46 |    34 |    24 |    34 ||   182
       Fruit             |       |     1 |     1 |     1 |       |       |     3 |     1 ||     7
       Beef jerky        |       |       |       |     1 |     3 |     4 |     3 |     4 ||    15
       Pizza             |       |       |       |       |       |     2 |     6 |       ||     8
       Royal jelly       |       |       |       |       |       |       |     2 |       ||     2
       Bread ration      |       |       |       |       |       |       |     2 |     2 ||     4
